 Dungeon Crawl Stone Soup version 0.26.1-11-gd32895ea62 (webtiles) character file.

Game seed: 2124546146955166234

751 Zeld the Digger (level 7, -2/40 HPs)
             Began as a Gargoyle Earth Elementalist on June 11, 2021.
             Killed by divine providence
             ... invoked by an orc priest
              (11 damage)
             ... on level 5 of the Dungeon.
             The game lasted 00:07:08 (6289 turns).

Zeld the Digger (Gargoyle Earth Elementalist)       Turns: 6289, Time: 00:07:09

Health: -2/40      AC: 10    Str: 12    XL:     7   Next: 78%
Magic:  5/13       EV: 12    Int: 17    God:
Gold:   263        SH:  5    Dex: 10    Spells: 4/14 levels left

rFire    . . .     SeeInvis .   (no weapon)
rCold    . . .     Faith    .   (no shield)
rNeg     + . .     Spirit   .   c - +0 robe
rPois    ∞         Reflect  +   (no helmet)
rElec    +         Harm     .   v - +0 cloak
rCorr    .         Rampage  .   u - +0 pair of gloves
Will     .....                  n - +1 pair of boots
Stlth    ++........             e - amulet of reflection
HPRegen  0.13/turn              (no ring)
MPRegen  0.13/turn              (no ring)

@: no status effects
A: negative energy resistance 1, electricity resistance, unbreathing,
petrification resistance, miasma immunity, AC +4
a: no special abilities


You were on level 5 of the Dungeon.
You visited 1 branch of the dungeon, and saw 5 of its levels.

You collected 263 gold pieces.

Inventory:

Missiles
 b - 50 stones (quivered)
Armour
 c - a +0 robe (worn)
 n - a +1 pair of boots (worn)
 u - a +0 pair of gloves (worn)
 v - a +0 cloak (worn)
Jewellery
 e - an amulet of reflection (around neck)
 k - a cursed ring of teleportation {unknown}
 t - an uncursed ring of ice {unknown}
Wands
 q - a wand of enslavement (8)
Scrolls
 a - 4 scrolls of remove curse {unknown}
 d - 2 scrolls of fear {unknown}
 g - 6 scrolls of identify {unknown}
 h - 4 scrolls of blinking {unknown}
 i - a scroll of enchant weapon {unknown}
 o - 2 scrolls of random uselessness {unknown}
 r - a scroll of immolation {unknown}
 s - a scroll of teleportation {unknown}
Potions
 f - a potion of attraction {unknown}
 j - 2 potions of haste {unknown}
 l - a potion of magic {unknown}
 m - a potion of invisibility {unknown}
 p - a potion of ambrosia {unknown}
 w - a potion of resistance {unknown}
 x - 2 potions of curing {unknown}
 z - a potion of degeneration {unknown}


   Skills:
 + Level 2.9 Fighting
 + Level 2.7 Dodging
 + Level 4.0 Stealth
 * Level 4.3 Spellcasting
 + Level 2.8 Conjurations
 - Level 1.0 Transmutations
 * Level 6.2 Earth Magic


You had 4 spell levels left.
You knew the following spells:

 Your Spells              Type           Power        Failure   Level
a - Sandblast             Erth           48%          1%          1
b - Passwall              Tmut/Erth      12%          5%          2
c - Stone Arrow           Conj/Erth      38%          7%          3
d - Petrify               Tmut/Erth      15%          34%         4

Your spell library contained the following spells:

 Spells                   Type           Power        Failure   Level
 Lee's Rapid Deconstruct  Erth           12%          32%         5


Dungeon Overview and Level Annotations

Branches:
Dungeon (5/15)
 Temple: D:4-7

Altars:
Elyvilon
Hepliaklqana


Innate Abilities, Weirdness & Mutations

You are resistant to torment.
Your stone body is resilient. (AC +4)
You are immune to poison.
You resist negative energy. (rN+)
You are resistant to electric shocks. (rElec)
You can survive without breathing.
You are immune to petrification.
You are immune to miasma.


Message History

Casting: Sandblast (safe; 1% risk of failure)
Confirm with . or Enter, or press ? or * to list all spells.
You don't have enough magic to cast that spell.
The orc priest calls down the wrath of Beogh upon you.
Beogh smites you!
* * * LOW HITPOINT WARNING * * *
The worker ant barely misses you.
The worker ant bites you but does no damage.
The worker ant bites you.
* * * LOW HITPOINT WARNING * * *
The worker ant bites you.
* * * LOW HITPOINT WARNING * * *
The orc priest casts a cantrip, but nothing happens.
The worker ant closely misses you. The worker ant closely misses you.
The worker ant barely misses you.
The worker ant bites you but does no damage.
The orc priest invokes the aid of Beogh against you.
Beogh smites you!
You die...

# #. #. #.# #.# #.#
#.# #.# # #..####..#
## #.......# .#
######....# .#
##..(...@B.# . ####
##..#.......## .#
##...###..####..##..##
.# #.....####..####.##
.# ###........## ##o##
..# #..#######
#..##...### #.##
##o........ . ###.#
######...####..#
..###...# #......###


You could see a worker ant and an orc priest.

Vanquished Creatures
  Menkaure (D:5)
  A water moccasin (D:5)
  2 orc priests
  A hound (D:5)
  An orc wizard (D:3)
  A bullfrog skeleton (D:5)
  Terence (D:3)
  Jessica (D:2)
  3 worker ants
  A worker ant zombie (D:3)
  5 gnolls
  5 adders
  A howler monkey skeleton (D:4)
  A white imp (D:5)
  4 oozes
  3 worms (D:2)
  4 dart slugs
  3 leopard geckos
  6 orcs
  13 bats
  9 giant cockroaches
  8 goblins
  8 hobgoblins
  3 jackals (D:3)
  A quokka (D:4)
  2 ball pythons
  6 frilled lizards
  8 kobolds
  9 rats
112 creatures vanquished.

Vanquished Creatures (others)
  A kobold (D:3)
  18 plants (D:5)
19 creatures vanquished.

Grand Total: 131 creatures vanquished

Notes
Turn   | Place    | Note
-------+----------+-------------------------------------------
     0 | D:1      | Zeld the Gargoyle Earth Elementalist began the quest for
                  | the Orb.
     0 | D:1      | Reached XP level 1. HP: 10/10 MP: 3/3
   134 | D:1      | Reached XP level 2. HP: 9/15 MP: 0/5
   148 | D:1      | Learned a level 2 spell: Passwall
   500 | D:1      | Reached skill level 4 in Earth Magic
   574 | D:1      | Reached XP level 3. HP: 20/20 MP: 4/6
   578 | D:1      | Learned a level 3 spell: Stone Arrow
   624 | D:1      | Reached skill level 1 in Transmutations
  1080 | D:2      | Reached skill level 1 in Fighting
  1559 | D:2      | Reached XP level 4. HP: 16/25 MP: 5/8
  1669 | D:2      | Noticed Jessica
  1676 | D:2      | Killed Jessica
  1677 | D:2      | Reached skill level 1 in Conjurations
  2107 | D:2      | Reached XP level 5. HP: 29/29 MP: 7/9
  2796 | D:3      | Noticed Terence
  2807 | D:3      | Killed Terence
  2808 | D:3      | Reached skill level 5 in Earth Magic
  2808 | D:3      | Reached XP level 6. HP: 35/35 MP: 1/10
  2823 | D:3      | Learned a level 4 spell: Petrify
  3907 | D:3      | Found a hazy altar of Hepliaklqana.
  4945 | D:4      | Found a white marble altar of Elyvilon.
  5269 | D:5      | Entered Level 5 of the Dungeon
  5305 | D:5      | Noticed Menkaure
  5362 | D:5      | Killed Menkaure
  5363 | D:5      | Reached XP level 7. HP: 36/40 MP: 8/12
  5561 | D:5      | Reached skill level 6 in Earth Magic
  6289 | D:5      | Killed from afar by an orc priest

Illustrated notes

Levels and vault maps discovered:
D:1:      dpeg_arrival_arbitrary_b, layout_rooms, minmay_curled_crystal
D:2:      layout_loops_ring, uniq_jessica
D:3:      layout_basic, nzn_hepliaklqana_mist_gate, kennysheep_minor_cross,
          minmay_box_of_dots, uniq_terence
D:4:      layout_layer_cave, nicolae_overflow_crystal_walls
D:5:      layout_layer_cave, serial_bayou_lagoon_a, uniq_menkaure

Skill      XL: |  1  2  3  4  5  6  7 |
---------------+----------------------+-----
Earth Magic    | 4 5 6 |  6.2
Transmutations | 1 |  1.0
Fighting       | 1 2 |  2.9
Conjurations   | 1 2 |  2.8
Dodging        | 2 |  2.7
Stealth        | 3 4 |  4.0
Spellcasting   | 3 4 |  4.3

Action                   |  1- 3 |  4- 6 |  7- 9 || total
-------------------------+-------+-------+-------++-------
Melee: Unarmed           |   122 |    56 |     4 ||   182
 Cast: Sandblast         |    37 |   123 |    31 ||   191
       Stone Arrow       |     2 |       |       ||     2
Armor: Robe              |    94 |    36 |    10 ||   140
Dodge: Dodged            |   164 |    60 |    15 ||   239
Block: Other             |    61 |    22 |     8 ||    91
       Reflection        |       |     2 |       ||     2
